 Dungeon Crawl Stone Soup version 0.29.1-13-g9f3cf754e1 (webtiles) character file.

Game seed: 14608447284875819948

161 Exodus22XD the Covered (level 5, -10/47 HPs)
             Began as a Minotaur Fighter on Feb 4, 2023.
             Mangled by Menkaure (14 damage)
             ... on level 4 of the Dungeon.
             The game lasted 00:02:43 (2852 turns).

Exodus22XD the Covered (Minotaur Fighter)           Turns: 2852, Time: 00:02:44

Health: -10/47     AC: 12    Str: 23    XL:     5   Next: 18%
Magic:  4/4        EV:  7    Int:  5    God:
Gold:   143        SH:  4    Dex:  9    Spells: 4/4 levels left

rFire   . . .      SeeInvis +   a - +0 war axe
rCold   . . .      Faith    .   c - +0 buckler
rNeg    . . .      Spirit   .   w - +0 chain mail
rPois   .          Reflect  .   (helmet restricted)
rElec   .          Harm     .   h - +0 cloak
rCorr   .          Rampage  .   (no gloves)
Will    .....                   q - +0 pair of boots
Stlth   ..........              (no amulet)
HPRegen 0.15/turn               b - ring of see invisible
MPRegen 0.09/turn               (no ring)

@: mighty
A: horns 2, retaliatory headbutt
a: no special abilities


You were on level 4 of the Dungeon.
You visited 1 branch of the dungeon, and saw 4 of its levels.

You collected 143 gold pieces.

Inventory:

Hand Weapons
 a - a +0 war axe (weapon)
Missiles
 s - a throwing net (quivered)
Armour
 c - a +0 buckler (worn)
 h - a +0 cloak (worn)
 q - a +0 pair of boots (worn)
 w - a +0 chain mail (worn)
Jewellery
 b - a ring of see invisible (left hand)
 x - a ring of ice
Scrolls
 e - a scroll of brand weapon {unknown}
 i - 2 scrolls of teleportation
 j - a scroll of immolation {unknown}
 k - 2 scrolls of magic mapping {unknown}
 l - 2 scrolls of blinking {unknown}
 n - 2 scrolls of enchant armour {unknown}
 u - 2 scrolls of fear {unknown}
 v - a scroll of noise {unknown}
Potions
 d - a potion of might
 f - a potion of resistance
 g - 3 potions of degeneration
 m - 2 potions of curing
 o - 2 potions of flight
 p - a potion of cancellation
 r - a potion of haste {unknown}


   Skills:
 + Level 4.5 Fighting
 + Level 4.3 Axes
 + Level 4.9 Armour
 + Level 4.3 Shields


You had 4 spell levels left.
You didn't know any spells.
Your spell library was empty.

Dungeon Overview and Level Annotations

Branches:
Dungeon (4/15)
 Temple: D:4-7

Altars:
Cheibriados

Annotations:
D:4 Dowan, Duvessa, Menkaure


Innate Abilities, Weirdness & Mutations

You have a pair of horns on your head.
You reflexively headbutt those who attack you in melee.


Message History

As you read the scroll of identify, it crumbles to dust.
f - a potion of resistance The giant cockroach barely misses you.
You furiously retaliate!
You headbutt the giant cockroach!
You kill the giant cockroach!
Okay, then.
As you read the scroll of identify, it crumbles to dust.
o - 2 potions of flight
As you read the scroll of identify, it crumbles to dust.
p - a potion of cancellation The kobold hits you but does no damage.
Unknown command.
You feel very mighty all of a sudden. The kobold barely misses you.
You hit the kobold.
You kill the kobold!
A kobold comes into view. It is wielding a +0 dagger.
Menkaure mumbles some strange words.
Menkaure seems to speed up.
You closely miss Duvessa. You headbutt Duvessa.
Duvessa is lightly wounded.
Duvessa hits you with a +0 short sword.
Menkaure points at you and mumbles some strange words.
You barely resist. You hit Duvessa.
Duvessa is moderately wounded.
Duvessa hits you but does no damage. Duvessa hits you with a +0 short sword.
Dowan shouts!
You hit Duvessa. You headbutt Duvessa!
Duvessa is severely wounded.
You completely miss Menkaure. Menkaure hits you!
* * * LOW HITPOINT WARNING * * *
Duvessa hits you but does no damage.
Unknown command.
You hit Duvessa. Your headbutt misses Duvessa.
Duvessa is almost dead.
You hit Menkaure. Menkaure hits you!
* * * LOW HITPOINT WARNING * * *
Duvessa closely misses you. Menkaure hits you!
You die...

#....####....#.)..
##......#......†..
#..###.#..........
##......##.........
#(.......#.........
##..............#..
##..............##.
##..###..........##.
#.M@#[#.............
#...##e##....#......##
#....#.#K..#..#.......#
....##.# e.##..# ......
....#.# .## .. ......
####B# .# ##.... .K# ..
#..... M.. e# #..... !.
.e >.....


You could see Duvessa, Menkaure (fast), Dowan and a kobold.

Vanquished Creatures
  Natasha (D:4)
  7 adders
  2 worms
  A dart slug (D:4)
  2 orcs
  5 giant cockroaches
  3 hobgoblins
  12 jackals
  2 quokkas
  6 ball pythons
  5 bats
  2 frilled lizards
  5 goblins
  6 kobolds
  4 rats
63 creatures vanquished.

Vanquished Creatures (others)
  4 toadstools (D:1)
4 creatures vanquished.

Grand Total: 67 creatures vanquished

Notes
Turn   | Place    | Note
-------+----------+-------------------------------------------
     0 | D:1      | Exodus22XD the Minotaur Fighter began the quest for the
                  | Orb.
     0 | D:1      | Reached XP level 1. HP: 19/19 MP: 0/0
   354 | D:1      | Reached XP level 2. HP: 27/27 MP: 1/1
   927 | D:2      | Reached XP level 3. HP: 31/33 MP: 2/2
  1777 | D:3      | Reached XP level 4. HP: 36/41 MP: 3/3
  2643 | D:4      | Identified the +3 short sword of Entrepreneurial Spirit
                  | {antimagic, rElec}
  2673 | D:4      | Found a snail-covered altar of Cheibriados.
  2696 | D:4      | Noticed Natasha
  2706 | D:4      | Killed Natasha
  2707 | D:4      | Reached XP level 5. HP: 30/47 MP: 4/4
  2840 | D:4      | Noticed Duvessa
  2840 | D:4      | Noticed Menkaure
  2840 | D:4      | Noticed Dowan
  2852 | D:4      | Mangled by Menkaure

Illustrated notes

Levels and vault maps discovered:
D:1:      ldierk_walled_garden_2, layout_basic
D:2:      layout_basic, nicolae_elevator_lobby_asterisk
D:3:      layout_loops_ring, palyth_stone_intersect, st_stairs_9
D:4:      layout_cave_pools, mainiacjoe_overflow_paths, kennysheep_slug_shrine,
          minmay_temple_entry_ruins, minmay_vboxes, uniq_natasha, uniq_duvessa,
          uniq_menkaure

Skill      XL: |  1  2  3  4 |
---------------+-------------+-----
Fighting       | 4 |  4.5
Armour         | 4 |  4.9
Shields        | 4 |  4.3
Axes           | 3 4 |  4.3

Action                   |  1- 3 |  4- 6 || total
-------------------------+-------+-------++-------
Melee: War axe           |    86 |    58 ||   144
       Headbutt          |     8 |     6 ||    14
  Use: Scroll            |       |     6 ||     6
       Potion            |       |     1 ||     1
Armor: Scale mail        |    49 |     4 ||    53
       Chain mail        |       |    31 ||    31
Dodge: Dodged            |    36 |    22 ||    58
Block: Buckler           |    23 |    24 ||    47
